Map: Triton LE

Players

ACuteSnek

  • Race: Zerg Zerg
  • League: Platinum
  • Spawn Location: 5:00

MiniNinja - Winner!

  • Race: Terran Terran
  • Spawn Location: 11:00

VOD

Have the link to the VOD?

Description

Time

  • Played on: Nov. 24, 2019, 5:49 p.m.
  • Length: 15:12
Show
View Real Time Build Order
Export as new Build Order

ACuteSnek Zerg 

Build Orders: Hatch First 

Get SALT Encoding   

  12  0:01  Drone  
  13  0:13  Overlord  
  13  0:17  Drone  
  14  0:31  Drone x2  
  16  0:50  Hatchery  
  16  0:53  Drone  
  16  0:56  Drone  
  17  1:00  Drone  
  17  1:02  Extractor  
  17  1:16  Spawning Pool  
  16  1:20  Drone  
  16  1:23  Drone  
  18  1:28  Drone  
  19  1:43  Drone  
  20  1:51  Overlord  
  20  2:03  Drone  
  20  2:04  Queen x2  
  20  2:05  Drone  
  26  2:14  Drone x2  
  28  2:19  Metabolic Boost  
  28  2:23  Drone  
  28  2:24  Drone  
  30  2:38  Drone x2  
  30  2:40  Queen  
  34  2:47  Drone x2  
  36  3:02  Hatchery  
  36  3:04  Drone  
  36  3:06  Overlord x2  
  36  3:24  Overlord  
  37  3:27  Drone x6  
  37  3:32  Extractor  
  37  3:33  Lair  
  41  3:34  Extractor  
  41  3:48  Drone  
  41  3:49  Drone x9  
  50  4:07  Drone  
  50  4:08  Drone  
  52  4:11  Overlord x2  
  52  4:25  Zergling x2  
  52  4:26  Zergling x4  
  55  4:35  Zergling x14  
  62  4:40  Hydralisk Den  
  62  4:42  Evolution Chamber  
  62  4:44  Drone x3  
  62  4:45  Evolution Chamber  
  62  4:52  Zergling x4  
  64  5:03  Baneling Nest  
  64  5:04  Drone  
  64  5:05  Drone x2  
  66  5:07  Overlord x4  
  66  5:16  Zerg Missile Weapons Level 1, Zerg Ground Armor Level 1  
  66  5:19  Grooved Spines  
  66  5:20  Overlord  
  66  5:21  Overlord x3  
  66  5:28  Zergling x6  
  67  5:29  Zergling x8  
  67  5:31  Hydralisk  
  75  5:47  Drone  
  75  5:48  Drone x3  
  75  5:49  Baneling  
  79  5:50  Baneling x17  
  79  5:55  Drone x2  
  81  6:02  Drone x6  
  81  6:03  Drone  
  88  6:06  Extractor  
  88  6:08  Extractor  
  86  6:13  Hydralisk  
  86  6:14  Hydralisk  
  90  6:23  Hydralisk x3  
  96  6:33  Drone  
  96  6:34  Drone x2  
  99  6:42  Zergling x2  
  99  6:43  Zergling x12  
  106  6:50  Hatchery  
  79  7:17  Zergling x2  
  79  7:18  Zergling x22  
  91  7:32  Hydralisk  
  91  7:33  Hydralisk x5  
  103  7:39  Zerg Missile Weapons Level 2, Extractor  
  103  7:42  Zerg Melee Weapons Level 1  
  103  7:43  Muscular Augments  
  103  7:44  Centrifical Hooks  
  102  7:49  Infestation Pit  
  101  7:54  Spire  
  101  7:57  Drone x3  
  103  8:07  Zergling x2  
  103  8:08  Zergling x22  
  103  8:09  Baneling x4  
  103  8:10  Baneling x6  
  115  8:19  Zergling x4  
  117  8:20  Zergling x2  
  118  8:27  Hive  
  118  8:32  Drone  
  118  8:33  Drone  
  120  8:34  Overlord  
  120  8:35  Overlord x11  
  120  8:46  Extractor x2  
  120  8:48  Drone x2  
  120  9:12  Drone x3  
  120  9:13  Drone x3  
  120  9:14  Hydralisk  
  120  9:15  Hydralisk x8  
  144  9:22  Hydralisk  
  146  9:28  Overseer x2  
  105  9:46  Zergling x2  
  105  9:47  Zergling x28  
  110  10:01  Zergling x10  
  110  10:11  Zergling x14  
  110  10:12  Zergling x8  
  110  10:13  Baneling x12  
  110  10:14  Baneling x12  
  112  10:16  Zergling x2  
  113  10:32  Adrenal Glands  
  96  10:45  Zergling x2  
  96  10:46  Zergling x10  
  101  10:54  Zerg Melee Weapons Level 2  
  101  10:56  Zerg Missile Weapons Level 3  
  93  11:00  Greater Spire  
  93  11:11  Hatchery  
  93  11:14  Zergling x12  
  93  11:15  Zergling x10  
  103  11:27  Drone x2  
  105  11:36  Corruptor x6  
  105  11:37  Corruptor  
  119  11:40  Baneling  
  119  11:41  Baneling x14  
  119  11:42  Baneling x3  
  119  11:52  Drone x2  
  119  11:54  Hatchery  
  120  12:30  Hydralisk  
  120  12:31  Hydralisk x7  
  94  13:00  Zergling x2  
  94  13:01  Zergling x16  
  82  13:09  Brood Lord  
  82  13:10  Brood Lord  
  82  13:11  Zergling x4  
  82  13:12  Zergling x6  
  90  13:28  Baneling x6  
  90  13:29  Baneling x5  
  87  13:38  Queen  
  88  13:47  Zergling x2  
  88  13:48  Zergling x18  
  73  14:00  Zergling x6  
  73  14:01  Zergling x8  
  65  14:11  Baneling x2  
  58  14:17  Zergling x8  
  56  14:26  Baneling x2  
  56  14:27  Baneling x2  
Show
View Real Time Build Order
Export as new Build Order

MiniNinja Terran - Winner!

Build Orders: Reaper Expand 

Get SALT Encoding   

  12  0:00  SCV  
  13  0:12  SCV  
  14  0:17  Supply Depot  
  14  0:25  SCV  
  15  0:38  SCV  
  15  0:40  Barracks  
  16  0:45  Refinery  
  16  0:51  SCV  
  17  1:03  SCV  
  18  1:15  SCV  
  19  1:29  Orbital Command  
  19  1:31  Reaper  
  20  1:46  Command Center  
  20  1:55  SCV  
  21  2:04  Barracks Reactor  
  21  2:05  Supply Depot  
  21  2:10  SCV  
  22  2:19  Barracks  
  22  2:23  SCV  
  22  2:25  Factory  
  23  2:35  SCV  
  24  2:39  Refinery  
  24  2:41  Marine x2  
  26  2:47  SCV  
  26  2:51  Bunker  
  27  2:59  SCV  
  27  3:02  Marine x2  
  27  3:05  Orbital Command  
  30  3:10  Barracks Tech Lab  
  30  3:13  SCV  
  31  3:20  Factory Tech Lab  
  31  3:22  Marine x2  
  31  3:25  SCV  
  34  3:29  Stimpack  
  34  3:31  Marine  
  34  3:32  SCV  
  36  3:37  SCV  
  37  3:42  Supply Depot  
  37  3:43  Marine  
  37  3:45  SCV, Marine  
  40  3:49  SCV  
  40  3:50  Marine  
  42  4:02  Marine  
  43  4:03  Marine  
  43  4:06  Starport  
  43  4:07  Siege Tank  
  47  4:11  Supply Depot, SCV x2  
  47  4:16  Marine  
  50  4:20  Marine  
  50  4:22  Marine  
  52  4:24  SCV  
  52  4:25  SCV  
  54  4:34  Marine  
  54  4:36  Supply Depot, SCV  
  54  4:37  Marine  
  57  4:40  Siege Tank, Marine  
  61  4:49  Supply Depot  
  61  4:58  Medivac  
  63  5:11  Marine x3  
  66  5:14  SCV  
  66  5:17  Supply Depot  
  66  5:20  Supply Depot, Engineering Bay, SCV  
  68  5:23  Refinery  
  68  5:24  Refinery  
  68  5:26  SCV  
  69  5:30  Barracks  
  69  5:31  Barracks  
  69  5:33  Marine x2  
  69  5:34  Siege Tank  
  69  5:35  Marine  
  75  5:36  Medivac  
  77  5:44  SCV x2  
  77  5:46  Combat Shield  
  79  6:00  SCV x2  
  81  6:09  Terran Infantry Weapons Level 1  
  81  6:11  Marine x3  
  82  6:12  Command Center, Starport Reactor  
  82  6:15  SCV  
  85  6:21  Supply Depot  
  85  6:23  Supply Depot  
  85  6:29  SCV x2  
  85  6:30  Barracks Tech Lab  
  85  6:32  Barracks Reactor  
  87  6:34  Marine x3  
  90  6:41  SCV  
  63  7:17  Marine x4  
  63  7:19  Marauder x2  
  63  7:20  Siege Tank, Medivac  
  63  7:21  Medivac  
  78  7:24  SCV x2  
  78  7:26  Engineering Bay  
  78  7:27  Supply Depot  
  78  7:29  Armory  
  80  7:30  Supply Depot x2  
  80  7:34  Armory  
  80  7:40  Liberator, Barracks  
  80  7:43  Marine x3  
  80  7:44  Marauder x2, Marine  
  88  7:51  SCV x2  
  88  7:54  Siege Tank  
  96  8:02  Marine x3  
  96  8:03  SCV, Marine  
  103  8:05  Marauder  
  103  8:06  SCV  
  104  8:15  SCV  
  104  8:18  Orbital Command  
  105  8:20  SCV, Marine  
  105  8:21  Marine  
  105  8:22  Marine  
  109  8:28  SCV  
  109  8:32  Terran Infantry Weapons Level 2  
  109  8:33  Terran Infantry Armor Level 1  
  110  8:50  SCV x2, Marine x4  
  110  8:52  Barracks Tech Lab, Marauder  
  110  8:53  Marauder  
  120  8:58  SCV  
  120  9:02  SCV x2  
  123  9:04  Supply Depot  
  123  9:05  Supply Depot  
  123  9:07  Supply Depot  
  123  9:10  SCV, Marine x2  
  123  9:11  Marine x2  
  123  9:14  Marauder, SCV  
  131  9:17  SCV  
  131  9:19  Marauder x2  
  136  9:30  Marine  
  136  9:31  Marine x3  
  139  9:35  Marauder  
  123  9:39  Marine  
  123  9:45  Marine  
  109  9:48  Marine x2  
  109  9:49  Marine x2  
  112  9:55  Siege Tank  
  112  9:56  Marine  
  112  9:57  Marine  
  117  10:01  Liberator x2  
  117  10:03  Marine  
  117  10:06  Marine x2  
  120  10:15  Marine x4  
  120  10:21  Marine  
  129  10:24  Marine  
  131  10:35  Marine x5  
  122  10:39  Marine  
  122  10:42  Marine  
  115  10:51  Siege Tank  
  115  10:53  Marine x5  
  115  10:56  Marine  
  110  10:58  Terran Infantry Armor Level 2, Terran Infantry Weapons Level 3  
  110  10:59  Terran Vehicle Weapons Level 1, Marine  
  110  11:01  Medivac x2  
  115  11:11  Marine  
  116  11:12  Marauder x2  
  116  11:15  Marauder, Refinery  
  116  11:16  Refinery  
  122  11:20  Command Center, Terran Vehicle And Ship Armor Level 1  
  122  11:29  Marine x4  
  122  11:31  Starport  
  122  11:32  Factory, Marine  
  126  11:33  Marauder  
  126  11:35  Barracks  
  126  11:36  Marauder, Barracks  
  126  11:38  Barracks  
  131  11:42  Siege Tank  
  131  11:44  Medivac x2  
  131  11:47  Marine x2  
  138  11:49  Marine x2  
  138  11:51  Marauder  
  144  11:54  Marauder  
  144  11:58  Marauder, SCV x2  
  144  11:59  SCV  
  151  12:04  Marine  
  152  12:12  Marauder  
  154  12:43  Marine x3  
  157  12:44  Barracks Tech Lab x2, Marine  
  157  12:45  Barracks Reactor  
  157  12:46  Marauder x2  
  157  12:47  Factory Tech Lab, Marauder  
  157  12:48  Starport Tech Lab  
  147  13:01  Marine x3  
  147  13:02  Marauder, Marine  
  149  13:08  Marauder x3  
  149  13:11  Marauder  
  155  13:13  Siege Tank  
  155  13:14  Siege Tank, Medivac x2  
  155  13:15  Medivac  
  155  13:19  Marine x4  
  170  13:24  Marauder  
  170  13:26  Marine  
  170  13:27  Marine  
  174  13:29  Marauder x3  
  174  13:31  Orbital Command, SCV x2  
  174  13:32  Marauder  
  185  13:36  Marine  
  185  13:37  Marine  
  187  13:44  Medivac x2  
  187  13:45  Marauder, Siege Tank  
  187  13:46  Siege Tank  
  179  13:55  Marine x4  
  174  13:56  Marauder x3  
  174  13:57  Marauder  
  184  14:07  Marauder  
  182  14:17  Marauder  
  179  14:32  Viking x3  
  183  14:52  Marine x5  
  188  15:10  Refinery  
  188  15:11  Refinery  
Tags
 
Add a new tag
Caveats
  • Supply blocks, unpowered buildings, or Contaminate may cause inaccurate times.
  • Supply counts are checked every 10 seconds.